 Dungeon Crawl Stone Soup version 0.24-a0-417-g1cce26a4d2 (webtiles) character file.

Game seed: 16910381186392333949

1823 MachJacob the Destroyer (level 9, -6/53 HPs)
             Began as an Octopode Conjurer on June 10, 2019.
             Was an Initiate of Cheibriados.
             Killed from afar by Harold (19 damage)
             ... with a harpoon shot
             ... on level 7 of the Dungeon.
             The game lasted 00:35:43 (10114 turns).

MachJacob the Destroyer (Octopode Conjurer)        Turns: 10114, Time: 00:35:44

Health: -6/53      AC:  2    Str:  8    XL:     9   Next: 10%
Magic:  5/16       EV: 15    Int: 22    God:    Cheibriados [......]
Gold:   310        SH:  0    Dex: 13    Spells: 4/17 levels left

rFire    . . .     SeeInvis .   c - +1 dagger
rCold    . . .     Gourm    .   (no shield)
rNeg     + . .     Faith    .   n - +1 hat
rPois    .         Spirit   .   q - amulet of regeneration
rElec    .         Reflect  .   g - ring of flight
rCorr    .         Harm     .   l - ring of protection from magic
MR       +....                  E - ring of positive energy
Stlth    +++.......             (no ring)
HPRegen  0.57/turn              (no ring)
MPRegen  0.15/turn              (no ring)
                                (no ring)
                                (no ring)

@: marked, very slow
A: almost no armour, stealthy swim, amphibious, 8 rings, constrict 8, camouflage
1, gelatinous body 1
a: Bend Time, Renounce Religion, Evoke Flight


You were on level 7 of the Dungeon.
You worshipped Cheibriados.
Cheibriados was noncommittal.
You were not hungry.

You visited 2 branches of the dungeon, and saw 8 of its levels.
You also visited: Sewer.

You collected 388 gold pieces.
You spent 78 gold pieces at shops.

Inventory:

Hand Weapons
 c - a +1 dagger (weapon)
Missiles
 h - 145 stones (quivered)
 j - 6 throwing nets {!f}
Armour
 n - a +1 hat (worn)
Jewellery
 g - a ring of flight (left tentacle)
 l - a ring of protection from magic (right tentacle)
 p - an uncursed ring of fire
 q - an amulet of regeneration (around mantle)
 C - a cursed amulet of inaccuracy {unknown}
 E - a ring of positive energy (on tentacle)
Wands
 v - a wand of polymorph (7)
 x - a wand of iceblast (8)
 D - a wand of paralysis (8)
Scrolls
 e - a scroll of summoning {unknown}
 f - 2 scrolls of fear
 k - a scroll of fog
 r - 4 scrolls of enchant armour
 u - 2 scrolls of blinking
 y - 2 scrolls of enchant weapon
 F - a scroll of teleportation
Potions
 a - a potion of magic {unknown}
 d - 3 potions of ambrosia
 i - a potion of curing
 m - a potion of brilliance {unknown}
 o - 3 potions of might
 s - a potion of mutation {unknown}
 t - a potion of agility
 w - a potion of resistance {unknown}
 z - a potion of lignification {unknown}
 A - a potion of heal wounds
Comestibles
 b - 17 rations


   Skills:
 + Level 1.0 Fighting
 + Level 5.2 Dodging
 - Level 2.6 Stealth
 + Level 4.9 Spellcasting
 - Level 8.0 Conjurations
 - Level 4.0 Hexes
 * Level 3.7 Fire Magic


You had 4 spell levels left.
You knew the following spells:

 Your Spells              Type           Power        Failure   Level  Hunger
a - Magic Dart            Conj           ####         1%          1    None
b - Searing Ray           Conj           #####.       1%          2    None
c - Dazzling Spray        Conj/Hex       ####..       2%          3    ##.....
d - Iskenderun's Mystic   Conj           #####...     3%          4    ####...
e - Conjure Flame         Conj/Fire      ####....     2%          3    ##.....

Your spell library contained the following spells:

 Spells                   Type           Power        Failure   Level  Hunger
 Flame Tongue             Conj/Fire      ####.        1%          1    None
 Throw Flame              Conj/Fire      ####..       1%          2    None
 Inner Flame              Hex/Fire       ###.....     6%          3    ##.....
 Fulminant Prism          Conj/Hex       ####......   9%          4    ####...
 Sticky Flame             Conj/Fire      ####....     9%          4    ####...
 Force Lance              Conj/Tloc      ###.....     21%         4    ####...
 Fireball                 Conj/Fire      ####......   26%         5    #####..


Dungeon Overview and Level Annotations

Branches:
Dungeon (7/15)             Temple (1/1) D:4

Altars:
Ashenzari
Cheibriados
Dithmenos
Elyvilon
Fedhas
Gozag
Hepliaklqana
Kikubaaqudgha
Makhleb
Nemelex Xobeh
Okawaru
Qazlal
Ru
Sif Muna
Trog
Uskayaw
Vehumet
Wu Jian
Xom
Yredelemnul
Zin
The Shining One

Shops:
D:6 *

Annotations:
D:7 Harold


Innate Abilities, Weirdness & Mutations

You cannot wear most types of armour.
You are very stealthy in the water. (Stealth+)
You are amphibious.
You can wear up to eight rings at the same time.
You can use your tentacles to constrict eight enemies at once.
Your skin changes colour to match your surroundings (Stealth+).
Your rubbery body absorbs attacks. (AC +1, EV +1)


Message History

You see here a throwing net {!f}.
Harold is no longer blind.
Harold is engulfed in blazing flames.
The flow of time bends around you.
You feel slightly more hungry.
Harold hits you from afar with a +0 halberd!
* * * LOW HITPOINT WARNING * * *
Casting: Dazzling Spray (safe; 2% risk of failure)
Confirm with . or Enter, or press ? or * to list all spells.
Okay, then.
Okay, then.
Unknown command.
Casting: Dazzling Spray (safe; 2% risk of failure)
Confirm with . or Enter, or press ? or * to list all spells.
Aiming: Dazzling Spray (safe; 2% risk of failure)
Press: ? - help, Shift-Dir - straight line, f - Harold
Aim: Harold, wielding a +0 halberd, wearing a +0 ring mail and carrying a wand of iceblast (11) (moderately wounded)
The spray of energy hits Harold.
Harold is moderately wounded.
Harold casts a spell at you. The harpoon shot hits you!!
You die...

###.### ##..÷..#
#....#.# #....#......#
#....#....###
#######....#......
...........#....###
###############'#.#.#@.#
#........@(@§...#.#.#..#
#.###############.#.....
#.....<# .........#
#####..# ########## #..#
#..# #..# #..# #..#


You could see Harold.

Vanquished Creatures
  Sigmund (D:4)
  Purgy (Sewer)
  A phantom (D:5)
  4 ogres (D:5 D:7 D:4)
  Blork the orc (D:6)
  2 bullfrogs (D:6)
  A scorpion (D:5)
  A howler monkey (D:7)
  3 crimson imps (D:5 D:6)
  A jelly (D:5)
  3 hounds (D:5 D:6)
  A centaur skeleton (D:4)
  2 orc priests (D:3 D:5)
  4 orc wizards (D:5)
  3 iguanas (D:5 D:6 D:4)
  Ijyb (D:4)
  2 worker ants (D:5)
  Natasha (thrice) (D:4)
  A hound skeleton (D:4)
  3 gnolls (D:6)
  3 adders (D:3 D:6 D:4)
  A shadow imp (D:6)
  2 adder skeletons (D:4 D:6)
  2 worms (D:2 D:5)
  A dart slug (D:1)
  4 leopard geckos (D:1 D:3 D:5)
  18 orcs (D:3 D:2 D:5)
  4 ball pythons (D:3 D:5)
  4 giant cockroaches (D:1 D:3)
  7 goblins (D:1 D:2 D:3)
  5 hobgoblins (D:1 D:3)
  4 jackals (D:3)
  10 kobolds (D:1 Sewer)
  12 bats (D:1 D:2 D:3)
  7 frilled lizards (D:1 D:2 D:3 D:5)
  A jackal skeleton (D:5)
  A quokka zombie (D:5)
  11 rats (D:1 D:2 D:3 D:5)
136 creatures vanquished.

Notes
Turn   | Place    | Note
-------+----------+-------------------------------------------
     0 | D:1      | MachJacob the Octopode Conjurer began the quest for the
                  | Orb.
     0 | D:1      | Reached XP level 1. HP: 11/11 MP: 3/3
   267 | D:1      | Reached XP level 2. HP: 17/17 MP: 5/5
   503 | D:1      | Learned a level 2 spell: Searing Ray
   568 | D:1      | Reached XP level 3. HP: 21/21 MP: 3/6
   573 | D:1      | Learned a level 3 spell: Dazzling Spray
  2088 | D:3      | Reached XP level 4. HP: 24/27 MP: 2/7
  2770 | D:3      | Reached skill level 1 in Hexes
  3059 | D:3      | Reached skill level 5 in Conjurations
  3059 | D:3      | Reached XP level 5. HP: 8/31 MP: 4/9
  3687 | D:4      | Noticed Sigmund
  3752 | D:4      | Noticed an ogre
  4076 | D:4      | Noticed Natasha
  4083 | D:4      | Killed Natasha
  4529 | D:5      | Entered Level 5 of the Dungeon
  4642 | D:5      | Found a glowing drain.
  4832 | D:5      | Reached XP level 6. HP: 36/36 MP: 4/10
  4838 | D:5      | Learned a level 4 spell: Iskenderun's Mystic Blast
  4908 | Sewer    | Entered a sewer
  4924 | Sewer    | Noticed Purgy
  5067 | Sewer    | Killed Purgy
  5237 | D:5      | Reached skill level 6 in Conjurations
  5264 | D:5      | Reached XP level 7. HP: 41/41 MP: 0/12
  5473 | D:5      | Learned a level 3 spell: Conjure Flame
  5684 | D:5      | HP: 1/41 [orc priest/divine providence (14)]
  5714 | D:4      | Noticed Natasha
  6218 | D:5      | Reached skill level 1 in Fire Magic
  6716 | D:5      | Reached XP level 8. HP: 34/46 MP: 9/13
  7203 | D:5      | Reached skill level 7 in Conjurations
  7711 | D:6      | Found Omatonia's General Store.
  7864 | D:6      | Found a snail-covered altar of Cheibriados.
  7880 | D:6      | Became a worshipper of Cheibriados the Contemplative
  8245 | D:6      | Noticed Blork the orc
  8376 | D:6      | Killed Blork the orc
  8783 | D:6      | Bought 2 scrolls of remove curse for 78 gold pieces
  8998 | D:7      | Noticed Harold
  9324 | D:4      | Killed Sigmund
  9410 | D:4      | Killed Natasha
  9410 | D:4      | Reached skill level 5 in Dodging
  9410 | D:4      | Reached skill level 8 in Conjurations
  9455 | D:4      | Reached XP level 9. HP: 52/52 MP: 7/16
  9526 | D:4      | Found a staircase to the Ecumenical Temple.
  9526 | D:4      | Noticed Natasha
  9532 | D:4      | Killed Natasha
  9547 | Temple   | Entered the Ecumenical Temple
  9780 | D:4      | Noticed Ijyb
  9792 | D:4      | Killed Ijyb
  9792 | D:4      | Reached skill level 1 in Fighting
 10114 | D:7      | Killed from afar by Harold

Levels and vault maps discovered:
D:1:      minmay_arrival_widening_spiral_wide, layout_rooms
D:2:      layout_loops_corners
D:3:      layout_loops_corners, first_ration
D:4:      layout_basic, temple_pool_b, uniq_natasha, uniq_sigmund, uniq_ijyb
D:5:      layout_basic, portal_sewer_entry_a
D:6:      layout_basic, lemuel_crystal_altar, serial_shops,
          nicolae_shop_behind_doors, uniq_blork_the_orc
D:7:      layout_basic, serial_shops, shop, grunt_ogre_cave,
          cheibrodos_worm_habitat, uniq_harold
Temple:   grunt_wide_crystal_templ

Skill      XL: |  1  2  3  4  5  6  7  8  9 |
---------------+----------------------------+-----
Hexes          | 1 2 3 4 |  4.0
Conjurations   | 5 6 8 |  8.0
Dodging        | 3 4 5 |  5.2
Spellcasting   | 3 4 |  4.9
Fire Magic     | 1 3 |  3.7
Fighting       | 1 |  1.0
Stealth        | |  2.6

Action                   |  1- 3 |  4- 6 |  7- 9 || total
-------------------------+-------+-------+-------++-------
Melee: Dagger            |    19 |    22 |    23 ||    64
       Tentacles         |     5 |     3 |     2 ||    10
       Constrict         |     3 |     8 |     3 ||    14
Throw: Stone             |       |     7 |     1 ||     8
 Cast: Magic Dart        |    60 |   128 |   199 ||   387
       Searing Ray       |     1 |     2 |       ||     3
       Conjure Flame     |       |       |    12 ||    12
       Dazzling Spray    |       |       |     6 ||     6
       Iskenderun's Myst |       |       |     6 ||     6
Invok: Bend Time         |       |       |     1 ||     1
  Use: Scroll            |       |     6 |    10 ||    16
 Stab: Sleeping          |     4 |       |       ||     4
  Eat: Chunk             |     3 |    11 |    18 ||    32
Armor: Skin              |     2 |     3 |     5 ||    10
Dodge: Dodged            |    21 |    34 |    42 ||    97

Table legend:
 A = Non-vault XP
 B = Vault XP
 C = Vault XP percentage of total XP
 D = Non-vault monster count
 E = Vault monster count
 F = Vault count percentage of total count
                 A         B        C        D         E       F
            +---------+---------+-------+---------+---------+-------
      Total |    1927 |     678 |  26.0 |     119 |      17 |  12.5
            +---------+---------+-------+---------+---------+-------
        D:1 |      60 |       0 |   0.0 |      35 |       0 |   0.0
        D:2 |      14 |       0 |   0.0 |       7 |       0 |   0.0
        D:3 |     114 |       0 |   0.0 |      28 |       0 |   0.0
        D:4 |     309 |     313 |  50.3 |       8 |       3 |  27.3
        D:5 |     996 |      11 |   1.1 |      29 |       6 |  17.1
        D:6 |     376 |      91 |  19.5 |      11 |       1 |   8.3
        D:7 |      58 |     113 |  66.1 |       1 |       1 |  50.0
      Sewer |       0 |     150 | 100.0 |       0 |       6 | 100.0
            +---------+---------+-------+---------+---------+-------
